 Dungeon Crawl Stone Soup version 0.30.1-6-gbe392663c4 (webtiles) character file.

Game seed: 17104741919952345509

2098 Ivernyr the Twirler (level 9, 0/71 HPs)
             Began as a Formicid Fighter on Sept 20, 2023.
             Slain by an orc warrior
             ... wielding a +0 battleaxe
              (11 damage)
             ... on level 7 of the Dungeon.
             The game lasted 00:11:58 (5514 turns).

Ivernyr the Twirler (Formicid Fighter)              Turns: 5514, Time: 00:11:59

Health: 0/71       AC:  8    Str: 25    XL:     9   Next: 52%
Magic:  9/9        EV: 12    Int:  8    God:
Gold:   328        SH:  5    Dex: 13    Spells: 8/8 levels left

rFire   + + .        a - +0 quarterstaff
rCold   + . .        c - +0 buckler
rNeg    . . .        b - +1 ring mail {rF+}
rPois   .            (helmet unavailable)
rElec   .            n - scarf {rC+ rF+}
rCorr   .            (no gloves)
SInv    +            l - +0 pair of boots
Will    +....        (no amulet)
Stlth   +            i - ring of willpower
HPRegen 0.31/turn    (no ring)
MPRegen 0.11/turn

%: no passive effects
@: no status effects
A: permanent stasis, dig shafts and tunnels, antennae 3, four strong arms
a: Dig, Shaft Self


You were on level 7 of the Dungeon.
You visited 2 branches of the dungeon, and saw 8 of its levels.

You collected 328 gold pieces.

Inventory:

Hand Weapons
 a - a +0 quarterstaff (weapon)
Armour
 b - a +1 ring mail of fire resistance (worn)
 c - a +0 buckler (worn)
 l - a +0 pair of boots (worn)
 n - a scarf of resistance (worn)
Jewellery
 i - a ring of willpower (left hand)
 A - a ring of magical power
 B - a ring of wizardry
Wands
 v - a wand of flame (15)
 y - a wand of paralysis (12)
Scrolls
 f - a scroll of torment {unknown}
 g - 3 scrolls of immolation {unknown}
 h - 2 scrolls of poison {unknown}
 k - 3 scrolls of blinking {unknown}
 p - 3 scrolls of vulnerability {unknown}
 r - 3 scrolls of identify {unknown}
 s - 2 scrolls of magic mapping {unknown}
 t - 3 scrolls of teleportation {unknown}
 u - a scroll of silence {unknown}
 z - a scroll of brand weapon {unknown}
Potions
 d - 2 potions of might
 e - 7 potions of curing {unknown}
 j - 2 potions of lignification {unknown}
 m - a potion of heal wounds {unknown}
 o - 2 potions of attraction {unknown}
 q - 2 potions of flight {unknown}
 w - 2 potions of mutation {unknown}
 x - 2 potions of berserk rage {unknown}


   Skills:
 + Level 6.7 Fighting
 * Level 7.8 Staves
 + Level 6.7 Armour
 + Level 4.7 Dodging
 - Level 4.0 Shields


You had 8 spell levels left.
You didn't know any spells.
Your spell library contained the following spells:

 Spells                   Type           Power      Damage    Failure   Level
 Beastly Appendage        Tmut           0%         N/A       58%         1
 Sandblast                Erth           0%         2d4       58%         1
 Passwall                 Tmut/Erth      0%         N/A       75%         2
 Scorch                   Fire           0%         2d5       75%         2
 Wereblood                Tmut           0%         N/A       75%         2
 Spider Form              Tmut/Pois      0%         N/A       92%         3
 Stone Arrow              Conj/Erth      0%         3d7       92%         3
 Tukima's Dance           Hex            0%         N/A       92%         3
 Anguish                  Hex/Necr       0%         N/A       100%        4
 Cause Fear               Hex            0%         N/A       100%        4
 Flame Wave               Conj/Fire      0%         2d4       100%        4
 Passage of Golubria      Tloc           0%         N/A       100%        4
 Yara's Violent Unravell  Hex/Tmut       0%         3d3       100%        5
 Summon Cactus Giant      Summ           0%         N/A       100%        6
 Enfeeble                 Hex            0%         N/A       100%        7


Dungeon Overview and Level Annotations

Branches:
Dungeon (7/15)             Temple (1/1) D:5

Altars:
Ashenzari
Dithmenos
Fedhas
Gozag
Hepliaklqana
Kikubaaqudgha
Nemelex Xobeh
Okawaru
Qazlal
Sif Muna
Trog
Uskayaw
Vehumet
Yredelemnul


Innate Abilities, Weirdness & Mutations

You cannot be hasted, slowed, berserked, paralysed or teleported.
You can dig through walls and to a lower floor.
You have a pair of large antennae on your head. (SInv)
Your four strong arms can wield two-handed weapons with a shield.


Message History

You hit the orc warrior but do no damage.
The orc warrior is heavily wounded.
The orc warrior barely misses you.
You barely miss the orc warrior.
The orc warrior is heavily wounded.
The orc warrior hits you with a +0 battleaxe!
You sock the orc warrior!
The orc warrior is almost dead.
The orc warrior barely misses you.
You hit the orc warrior.
The orc warrior is almost dead.
You block the orc warrior's attack.
You closely miss the orc warrior.
The orc warrior is almost dead.
The orc warrior hits you with a +0 battleaxe.
You hit the orc warrior but do no damage.
The orc warrior is almost dead.
You barely miss the orc warrior.
The orc warrior is almost dead.
The orc warrior closely misses you.
You barely miss the orc warrior.
The orc warrior is almost dead.
The orc warrior hits you with a +0 battleaxe.
You hit the orc warrior.
The orc warrior is almost dead.
The orc warrior hits you with a +0 battleaxe!
You hit the orc warrior but do no damage.
The orc warrior is almost dead.
The orc warrior hits you with a +0 battleaxe.
You completely miss the orc warrior.
The orc warrior is almost dead.
The orc warrior hits you with a +0 battleaxe!
* * * LOW HITPOINT WARNING * * *
You hit the orc warrior but do no damage.
The orc warrior is almost dead.
The orc warrior closely misses you.
You hit the orc warrior but do no damage.
The orc warrior is almost dead.
The orc warrior hits you with a +0 battleaxe!
You die...

# . #... .# #### #.....#.#
#.......#.# #.#...#.#
#..##.##... ..#
......#.####..##@##.. o..#
# #.#.........##o##.# ...#
# #.#...# #....#o##.#....#
###.....# #....')#..#..#.#
.......####....#....o....##
..........# #..............
..........# #....#....#..##
....##....###.##..........
..........##..##)#...#.#.#


You could see an orc warrior and an orc.

Vanquished Creatures
  3 water moccasins
  A black bear (D:6)
  A sky beast (D:5)
  2 ogres (D:5)
  2 centaurs
  3 phantoms (D:5)
  A scorpion (D:4)
  A gnoll sergeant (D:5)
  An electric eel (D:6)
  A jelly (D:5)
  3 hounds
  2 orc priests
  A gnoll bouda (D:6)
  Ijyb (D:5)
  2 iguanas
  2 sleepcaps
  Natasha (thrice) (D:4)
  6 orc wizards
  9 gnolls
  8 adders
  2 white imps
  2 ufetubi
  5 worms
  2 dart slugs
  19 orcs
  9 ball pythons
  8 endoplasms
  A giant cockroach (D:1)
  12 goblins
  8 hobgoblins
  4 jackals (D:1)
  8 kobolds
  2 quokkas
  6 bats
  5 frilled lizards
  4 rats
150 creatures vanquished.

Vanquished Creatures (others)
  An orc wizard (D:4)
1 creature vanquished.

Grand Total: 151 creatures vanquished

Notes
Turn   | Place    | Note
-------+----------+-------------------------------------------
     0 | D:1      | Ivernyr the Formicid Fighter began the quest for the Orb.
     0 | D:1      | Reached XP level 1. HP: 18/18 MP: 1/1
    64 | D:1      | Reached XP level 2. HP: 15/24 MP: 2/2
   167 | D:1      | Reached XP level 3. HP: 28/29 MP: 3/3
   295 | D:1      | Reached skill level 1 in Dodging
   518 | D:1      | Reached skill level 3 in Staves
   518 | D:1      | Reached XP level 4. HP: 33/37 MP: 4/4
   979 | D:2      | Found a faded altar of an unknown god.
  1017 | D:2      | Reached XP level 5. HP: 37/42 MP: 5/5
  1067 | D:2      | Identified the +0 robe "Joenynuf" {Harm Regen+}
  1867 | D:4      | Found a stormy altar of Qazlal.
  1910 | D:4      | Reached skill level 4 in Staves
  1910 | D:4      | Reached XP level 6. HP: 48/48 MP: 6/6
  2015 | D:4      | Found a radiant altar of Vehumet.
  2260 | D:4      | Found an opulent altar of Gozag.
  2328 | D:4      | Noticed Natasha
  2332 | D:4      | Killed Natasha
  2333 | D:4      | Reached XP level 7. HP: 55/55 MP: 7/7
  2418 | D:4      | Noticed Natasha
  2427 | D:4      | Killed Natasha
  2494 | D:4      | Noticed Natasha
  2500 | D:4      | Killed Natasha
  2547 | D:4      | Found an iron altar of Okawaru.
  2605 | D:5      | Entered Level 5 of the Dungeon
  2640 | D:5      | Reached skill level 5 in Staves
  2688 | D:5      | Reached skill level 5 in Fighting
  2688 | D:5      | Reached skill level 5 in Armour
  2793 | D:5      | Reached XP level 8. HP: 60/62 MP: 8/8
  2871 | D:5      | Reached skill level 6 in Staves
  2957 | D:5      | Noticed Ijyb
  2980 | D:5      | Killed Ijyb
  3298 | D:5      | Found a blossoming altar of Fedhas.
  3339 | D:5      | Found a staircase to the Ecumenical Temple.
  3369 | Temple   | Entered the Ecumenical Temple
  4159 | D:6      | Reached XP level 9. HP: 36/69 MP: 9/9
  4290 | D:6      | Reached skill level 7 in Staves
  5417 | D:7      | Found a shimmering blue altar of Sif Muna.
  5514 | D:7      | Slain by an orc warrior

Illustrated notes

Levels and vault maps discovered:
D:1:      mrwooster_arrival_arrow, layout_rooms
D:2:      layout_rooms, hellmonk_ecumenical_altar_slurped_away
D:3:      layout_loops_ring
D:4:      layout_rooms, kennysheep_little_box,
          mainiacjoe_overflow_catch_the_wave, grunt_qazlal_clouds,
          item_on_display_a, uniq_natasha
D:5:      layout_loops_ring, fedhas_ov_isle_minmay,
          minmay_temple_entry_junction, uniq_ijyb
D:6:      layout_cave_pools, nicolae_lava_and_water, kennysheep_small_spiral
D:7:      layout_basic, demons_altar, mainiacjoe_overflow_cross_hatched,
          enter_bailey_5, uniq_prince_ribbit1
Temple:   hellmonk_temple_forest_ring

Skill      XL: |  1  2  3  4  5  6  7  8  9 |
---------------+----------------------------+-----
Dodging        | 1 2 3 4 |  4.7
Staves         | 3 4 5 6 7 |  7.8
Armour         | 4 5 6 |  6.7
Fighting       | 4 5 6 |  6.7
Shields        | |  4.0

Action                     |  1- 3 |  4- 6 |  7- 9 || total
---------------------------+-------+-------+-------++-------
  Melee: Quarterstaff      |    94 |   169 |   328 ||   591
Ability: Dig               |     1 |       |       ||     1
   Stab: Paralysed         |       |       |     2 ||     2
 Armour: Scale mail        |    48 |    68 |       ||   116
         Ring mail         |       |    20 |    93 ||   113
  Dodge: Dodged            |    50 |    85 |   159 ||   294
  Block: Buckler           |    36 |    48 |    63 ||   147
